 Dungeon Crawl Stone Soup version 0.31-a0-202-g547052bce9 (webtiles) character file.

Game seed: 2541414557288398477

291 qw the Skirmisher (level 6, 0/34 HPs)
             Began as a Deep Elf Hunter on June 26, 2023.
             Slain by an orc wizard
             ... wielding a +0 dagger
              (2 damage)
             ... on level 3 of the Dungeon.
             The game lasted 00:00:47 (1351 turns).

qw the Skirmisher (Deep Elf Hunter)                 Turns: 1351, Time: 00:00:47

Health: 0/34       AC:  3    Str: 10    XL:     6   Next: 10%
Magic:  8/8        EV: 15    Int: 14    God:
Gold:   107        SH:  5    Dex: 18    Spells: 5/5 levels left

rFire   + + .        Y - +0 shortbow
rCold   + . .        (shield currently unavailable)
rNeg    . . .        j - +1 robe {rC+ rF+}
rPois   .            (no helmet)
rElec   .            (no cloak)
rCorr   .            (no gloves)
SInv    .            (no boots)
Will    .....        h - amulet of reflection
Stlth   ++           b - ring of protection from fire
HPRegen 0.25/turn    (no ring)
MPRegen 0.11/turn

%: reflection
@: no status effects
A: sense surroundings 1
a: no special abilities


You were on level 3 of the Dungeon.
You visited 1 branch of the dungeon, and saw 3 of its levels.

You collected 107 gold pieces.


Innate Abilities, Weirdness & Mutations

You passively map a small area around you.


   Skills:
 - Level 1.5 Fighting
 - Level 8.3 Ranged Weapons
 + Level 5.1 Dodging
 - Level 1.2 Stealth


You had 5 spell levels left.
You didn't know any spells.
Your spell library was empty.

Inventory:

Hand Weapons
 Y - a +0 shortbow (weapon)
Armour
 a - a +0 ring mail
 j - a +1 robe of resistance (worn)
Jewellery
 b - a ring of protection from fire (left hand)
 h - an amulet of reflection (around neck)
Scrolls
 i - 3 scrolls of identify
Potions
 d - a potion of mutation
 g - a potion of resistance

Dungeon Overview and Level Annotations

Branches:
Dungeon (3/15)

Altars:


Message History

Sigmund closely misses you.
The orc wizard gestures wildly while chanting.
The orc wizard flickers and vanishes!
Deactivating autopickup; reactivate with Ctrl-A.
You shoot an arrow.
The arrow hits Sigmund but does no damage.
Sigmund is severely wounded.
You hear some strange, mumbled words.
A magic dart appears from out of thin air!
The magic dart hits you.
Sigmund hits you from afar with a +0 scythe.
You shoot an arrow. The arrow closely misses Sigmund.
You block something's attack.
You shoot an arrow. The arrow hits Sigmund.
Sigmund is severely wounded.
Sigmund hits you but does no damage. Something hits you.
You shoot an arrow. The arrow hits Sigmund.
Sigmund is almost dead.
Something hits you.
Sigmund mumbles some strange words.
Sigmund flickers and vanishes!
You shoot an arrow.
Something hits you but does no damage. x2
You shoot an arrow. Something hits you.
You shoot an arrow. Something barely misses you. You block something's attack.
You shoot an arrow. Something hits you.
You hear some strange, mumbled words.
A puff of flame appears from out of thin air!
You block puff of flame... and reflect it back!
The puff of flame hits something!
Reactivating autopickup.
You feel a bit more experienced.
Your Dodging skill gained 3 levels and is now at level 5!
You have reached level 5!
You have reached level 6!
There is a strange disturbance nearby!
Something hits you.
You die...

##..( , * ,..., * #.#* ,
* #.## * ** *
#######..#### , *
#........)..#* *####
###<###.....<[# ....#
......#.###.#)##.....#
..........# #..{@......#
..........###.#.##.....#
, ..###...........#*
....# , * ..#
#...........# #### ..#
#.##.##..#### * * * ..#
#.##.....# * *
..###.#####(## * * ^ ,
...##.#####)# ,,, , *
............#


There were no monsters in sight!

Vanquished Creatures
  Sigmund (D:3)
  A hound (D:2)
  An orc priest (D:3)
  An adder (D:2)
  A dart slug (D:2)
  3 orcs (D:3)
  3 ball pythons
  4 bats (D:1)
  8 endoplasms
  A giant cockroach (D:1)
  9 hobgoblins
  2 jackals (D:1)
  A quokka (D:2)
  3 frilled lizards
  11 goblins
  6 kobolds
  3 rats (D:2)
59 creatures vanquished.

Notes
Turn   | Place    | Note
-------+----------+-------------------------------------------
     0 | D:1      | qw the Deep Elf Hunter began the quest for the Orb.
     0 | D:1      | Reached XP level 1. HP: 12/12 MP: 3/3
     0 | D:1      | 0 ||| qw: Version: 0.3-a-22-g0ed2b0b
     0 | D:1      | 0 ||| qw: Game counter: 6149
     0 | D:1      | 0 ||| qw: Melee chars always use a shield: true
     0 | D:1      | 0 ||| qw: God list: Okawaru
     0 | D:1      | 0 ||| qw: Allow faded altars: false
     0 | D:1      | 0 ||| qw: Do Orc after clearing Dungeon:15 true
     0 | D:1      | 0 ||| qw: Do second Lair branch before Depths: true
     0 | D:1      | 0 ||| qw: Lair rune preference: random
     0 | D:1      | 0 ||| qw: Goals: Normal
     0 | D:1      | 0 ||| PLANNING D:1-11
    98 | D:1      | Reached XP level 2. HP: 14/16 MP: 4/4
   102 | D:1      | Reached skill level 6 in Ranged Weapons
   103 | D:1      | 103 ||| FLEEEEING.
   711 | D:1      | 711 ||| UPGRADING to amulet of reflection.
   716 | D:1      | 716 ||| READING scroll labelled TIJYD ZESSI.
   717 | D:1      | 717 ||| READING scroll labelled YPLEIQ MIRGH.
   718 | D:1      | 718 ||| READING scroll labelled GOAMMIFROAMI.
   721 | D:1      | 721 ||| READING 2 scrolls labelled XAN EZ ADEDESH.
   722 | D:1      | 722 ||| READING scroll labelled ENAMAALUGE.
   723 | D:1      | 723 ||| DROPPING scroll of butterflies.
   791 | D:2      | Reached skill level 7 in Ranged Weapons
   791 | D:2      | Reached XP level 3. HP: 19/20 MP: 5/5
   823 | D:2      | 823 ||| FLEEEEING.
   824 | D:2      | 824 ||| FLEEEEING.
   847 | D:2      | Reached XP level 4. HP: 25/25 MP: 6/6
  1188 | D:2      | 1188 ||| UPGRADING to +1 robe of resistance.
  1198 | D:2      | 1198 ||| UPGRADING to ring of protection from fire.
  1199 | D:2      | 1199 ||| READING scroll labelled AKHUG ONWOXI.
  1200 | D:2      | 1200 ||| DRINKING 2 blue potions.
  1200 | D:2      | Gained mutation: You passively map a small area around you.
                  | [potion of mutation]
  1201 | D:2      | 1201 ||| READING 7 scrolls of identify.
  1201 | D:2      | 1201 ||| IDENTIFYING lumpy dark potion
  1202 | D:2      | 1202 ||| READING 6 scrolls of identify.
  1202 | D:2      | 1202 ||| IDENTIFYING golden potion
  1203 | D:2      | 1203 ||| READING 5 scrolls of identify.
  1203 | D:2      | 1203 ||| IDENTIFYING fuming brown potion
  1204 | D:2      | 1204 ||| READING 4 scrolls of identify.
  1204 | D:2      | 1204 ||| IDENTIFYING grey potion
  1205 | D:2      | 1205 ||| DROPPING potion of lignification.
  1206 | D:2      | 1206 ||| DROPPING potion of berserk rage.
  1207 | D:2      | 1207 ||| DROPPING potion of brilliance.
  1290 | D:3      | 1290 ||| FLEEEEING.
  1293 | D:3      | 1293 ||| STAIRDANCE
  1311 | D:2      | 1311 ||| DROPPING +0 leather armour.
  1328 | D:3      | Reached skill level 8 in Ranged Weapons
  1328 | D:3      | Noticed Sigmund
  1345 | D:3      | HP: 6/25 [something (1)]
  1350 | D:3      | HP: 1/25 [something (2)]
  1350 | D:3      | Killed Sigmund
  1351 | D:3      | Reached XP level 5. HP: 2/29 MP: 7/7
  1351 | D:3      | Reached XP level 6. HP: 2/34 MP: 8/8
  1351 | D:3      | Slain by an orc wizard

Levels and vault maps discovered:
D:1:      eino_arrival_cavern_b, layout_basic, minmay_box_of_dots
D:2:      layout_basic, minmay_tromino_v4_c
D:3:      layout_loops_cross, uniq_ijyb, uniq_sigmund, uniq_jessica

Skill      XL: |  1  2  3  4 |
---------------+-------------+-----
Ranged Weapons | 7 8 |  8.3
Dodging        | 5 |  5.1
Fighting       | |  1.5
Stealth        | |  1.2

Action                     |  1- 3 |  4- 6 || total
---------------------------+-------+-------++-------
   Fire: Shortbow          |    72 |   108 ||   180
    Use: Scroll            |     5 |     5 ||    10
         Potion            |       |     1 ||     1
 Armour: Leather armour    |     8 |     1 ||     9
         Robe              |       |     5 ||     5
  Dodge: Dodged            |    18 |    13 ||    31
  Block: Other             |     1 |     7 ||     8
         Reflection        |       |     1 ||     1

Table legend:
 A = Non-vault XP
 B = Vault XP
 C = Vault XP percentage of total XP
 D = Non-vault monster count
 E = Vault monster count
 F = Vault count percentage of total count
                 A         B        C        D         E       F
            +---------+---------+-------+---------+---------+-------
      Total |     183 |     233 |  56.0 |      53 |       6 |  10.2
            +---------+---------+-------+---------+---------+-------
        D:1 |      27 |       5 |  15.6 |      16 |       3 |  15.8
        D:2 |     101 |       5 |   4.7 |      29 |       2 |   6.5
        D:3 |      55 |     223 |  80.2 |       8 |       1 |  11.1
            +---------+---------+-------+---------+---------+-------
